AoeStats
← Jennie

Nomad

507664112Analyzed
3v3 RM · 14d ago on Sep 19, 2026· 59m 51s· 6 players
Game mode
Random Map
Map size
210×210
Population
200
Speed
Normal
Resources
Standard
Victory
Conquest
Starting age
Dark Age
Ending age
Imperial Age
RankedLock teamsTeams togetherTeam positionsShared explorationLock speedFull tech treeHidden civsTurbo modeCheats
Victory
Defeat
🇵🇪 Italians · Peru
992
+15
🇲🇽 Malay · Mexico
975
+16
🇲🇽 Goths · Mexico
933
+18
🇨🇳 Huns · China
1014
-18
🇨🇳 Persians · China
987
-17
918
-14
Mogador
11:34 Loom
15:32 Feudal Age
15:52 Fishing Lines
16:41 Double-Bit Axe
16:57 Gold Mining
21:36 Castle Age
20:29 Scale Barding Armor
21:40 Gillnets
21:54 Husbandry
23:35 Stone Mining
27:48 Forging
28:20 Gold Shaft Mining
29:17 Iron Casting
35:32 Devotion
36:40 Sanctity
44:29 Imperial Age
41:39 Pikeman
44:15 Conscription
46:37 Blast Furnace
46:33 Forced Levy
48:49 Arson
49:04 Squires
48:25 Man-at-Arms
49:23 Long Swordsman
50:51 Bow Saw
50:04 Two-Handed Swordsman
50:51 Capped Ram
51:06 Halberdier
56:22 Block Printing
57:59 Elite Skirmisher
58:45 Thumb Ring
59:07 Fletching
59:18 Padded Archer Armor
dans_big
17:17 Feudal Age
18:46 Double-Bit Axe
19:04 Horse Collar
23:43 Castle Age
22:35 Stone Mining
24:47 Pikeman
25:38 Man-at-Arms
29:02 Long Swordsman
30:11 Scale Mail Armor
30:22 Forging
35:29 Chain Mail Armor
35:50 Iron Casting
Ramírez0511
13:30 Feudal Age
14:04 Double-Bit Axe
14:58 Wheelbarrow
15:58 Gold Mining
15:59 Loom
18:39 Loom
19:05 Padded Archer Armor
18:56 Fletching
22:18 Horse Collar
28:59 Castle Age
29:07 Stone Mining
31:23 Hand Cart
31:22 Bow Saw
31:15 Heavy Plow
31:53 Stone Shaft Mining
34:56 Bodkin Arrow
35:19 Leather Archer Armor
36:47 Fishing Lines
43:29 Imperial Age
44:29 Town Watch
46:48 Elite Genoese Crossbowman
47:49 Conscription
48:12 Bracer
49:01 Scale Mail Armor
49:12 Forging
50:32 Squires
50:18 Arson
50:50 Chain Mail Armor
51:11 Iron Casting
52:50 Plate Mail Armor
53:16 Gillnets
54:21 Masonry
55:35 Ring Archer Armor
59:31 Chemistry
59:41 Blast Furnace
Jennie
14:57 Feudal Age
19:28 Castle Age
18:14 Double-Bit Axe
25:41 Bow Saw
26:00 Bloodlines
25:51 Husbandry
26:55 Wheelbarrow
26:39 Horse Collar
28:56 Heavy Plow
28:51 Gold Mining
33:45 Loom
41:27 Hand Cart
45:15 Gold Shaft Mining
50:50 Hand Cart
60:09 Imperial Age
57:57 Loom
58:26 Devotion
58:48 Sanctity
59:04 Ballistics
58:57 Clinker Construction
59:11 Ballistics
60:17 Coinage
Alaric the Visigoth
5:27 Loom
13:35 Feudal Age
15:56 Horse Collar
17:25 Man-at-Arms
22:37 Fletching
27:57 Castle Age
26:52 Stone Mining
28:12 Padded Archer Armor
28:51 Wheelbarrow
28:06 Double-Bit Axe
29:14 Bow Saw
29:55 Murder Holes
32:28 Hand Cart
33:36 Thumb Ring
33:52 Bodkin Arrow
36:33 Heavy Plow
40:07 Imperial Age
39:57 Gold Mining
41:00 Elite Rattan Archer
42:29 Bracer
44:59 Chemistry
44:52 Leather Archer Armor
46:40 Ballistics
48:17 Treadmill Crane
49:13 Paper Money
52:23 Caravan
56:52 Coinage
59:15 Scale Mail Armor
58:37 Long Swordsman
59:28 Forging
60:26 Bombard Tower
289487648
5:12 Loom
13:13 Feudal Age
17:31 Castle Age
15:43 Horse Collar
16:03 Double-Bit Axe
16:19 Fishing Lines
16:44 Gold Mining
17:00 Stone Mining
19:19 Wheelbarrow
19:20 Bow Saw
22:45 Hand Cart
23:13 Gillnets
24:16 Heavy Plow
26:24 Husbandry
26:35 Bloodlines
30:14 Fletching
30:24 Padded Archer Armor
30:33 Scale Barding Armor
30:38 Forging
30:29 Scale Mail Armor
32:11 Murder Holes
34:03 Iron Casting
34:17 Chain Barding Armor
36:05 Town Watch
39:53 Imperial Age
39:15 Gold Shaft Mining
39:15 Stone Shaft Mining
40:33 Conscription
40:23 Citadels
41:17 Plate Barding Armor
41:43 Blast Furnace
41:22 Bodkin Arrow
41:42 Chain Mail Armor
41:42 Leather Archer Armor
42:55 Crop Rotation
42:14 Elite War Elephant
44:04 Stone Shaft Mining
44:42 Coinage
44:41 Town Patrol
46:44 Chemistry
46:04 Ballistics
46:16 Plate Mail Armor
46:36 Cavalier
46:37 Heavy Camel Rider
47:49 Ring Archer Armor
46:41 Light Cavalry
50:28 Medium Warships
49:39 Demolition Ship
51:15 Banking
50:55 Guilds
52:47 Guard Tower
53:08 Clinker Construction
53:08 Careening
53:19 Kamandaran
52:50 Sappers
53:55 Hoardings
Connection lost

Rejoining the realm…

Still unreachable

The connection could not be restored.

Session expired

The server has moved on; the page needs a fresh start.